 Dungeon Crawl Stone Soup version 0.20-a0-555-gf6ae02d (webtiles) character file.

310 Kiturien the Chopper (level 6, -3/52 HPs)
             Began as a Hill Orc Fighter on Feb 7, 2017.
             Killed by nerve-wracking pain
             ... invoked by Grinder
              (14 damage)
             ... on level 3 of the Dungeon.
             The game lasted 00:04:52 (2597 turns).

Kiturien the Chopper (Hill Orc Fighter)             Turns: 2597, Time: 00:04:53

Health: -3/52      AC:  8    Str: 26    XL:     6   Next: 41%
Magic:  6/6        EV:  8    Int:  8    God:
Gold:   102        SH: 10    Dex: 10    Spells: 5/5 levels left

rFire    . . .     SeeInvis .   a - +0 war axe
rCold    . . .     Gourm    .   b - +0 scale mail
rNeg     . . .     Faith    .   c - +0 shield
rPois    .         Spirit   .   (no helmet)
rElec    .         Reflect  .   (no cloak)
rCorr    .         Harm     .   (no gloves)
MR       .....                  k - +0 pair of boots
Stlth    ..........             h - amulet of rage
Regen    0.2/turn               (no ring)
                                (no ring)

@: mighty
A: no striking features
a: Evoke Berserk Rage


You were on level 3 of the Dungeon.
You were not hungry.

You visited 1 branch of the dungeon, and saw 3 of its levels.

You collected 102 gold pieces.

Inventory:

Hand Weapons
 a - a +0 war axe (weapon)
Missiles
 e - 2 javelins of returning (quivered)
Armour
 b - a +0 scale mail (worn)
 c - a +0 shield (worn)
 k - a +0 pair of boots (worn)
Jewellery
 h - an amulet of rage (around neck)
Scrolls
 j - a scroll of amnesia {unknown}
 m - 2 scrolls of remove curse {unknown}
 n - a scroll of magic mapping {unknown}
 p - a scroll of teleportation {unknown}
Potions
 d - a potion of might
 g - 2 potions of flight {unknown}
 i - 2 potions of lignification {unknown}
 l - 3 potions of haste {unknown}
 q - a potion of ambrosia {unknown}
Comestibles
 f - 2 bread rations


   Skills:
 + Level 4.3 Fighting
 + Level 5.7 Axes
 + Level 4.1 Armour
 * Level 1.9 Dodging
 + Level 4.5 Shields


You had 5 spell levels left.
You didn't know any spells.

Dungeon Overview and Level Annotations

Branches:
Dungeon (3/15)

Altars:
Gozag
Xom
The Shining One

Annotations:
D:3 Grinder


Message History

You feel very mighty all of a sudden.
Grinder blinks!
You start resting.
You fail to use your ability.
Grinder hits you.
You writhe in agony.
You hit Grinder.
Grinder is moderately wounded.
Grinder gestures at you.
You suddenly lose the ability to move!
Grinder hits you.
You writhe in agony.
* * * LOW HITPOINT WARNING * * *
Grinder hits you but does no damage. Grinder hits you.
* * * LOW HITPOINT WARNING * * *
Grinder gestures at you. You resist with significant effort.
You can move again.
You fail to use your ability.
Grinder gestures at you. Pain shoots through your body!
You die...

######.##.......#.
#######...##.#....###.#.
#....(..#..#†..#..# #...
..#####.#......#..# ##..
#.##....##.## #..
#..#####)##....##.#####..
#.........##..##.........
#.######..##..##.†.#####.
.......@..####....# #.
.#####5#..# ##....# #.
#.##..##.)#### #. #.
..##..## ## .. .####..##
# ## .# #...## ## ##
##...#####. #.....)...
##.######.


You could see Grinder.

Vanquished Creatures
  The ghost of culka the Conjurer, an amateur OpCj (D:3)
  An orc priest (D:2)
  An orc wizard (D:3)
  Ijyb (D:3)
  A worker ant (D:2)
  4 oozes
  3 worms
  A dart slug (D:1)
  A leopard gecko (D:1)
  2 orcs (D:3)
  3 ball pythons (D:1)
  4 giant cockroaches
  9 goblins
  10 hobgoblins
  6 kobolds
  7 bats
  A frilled lizard (D:1)
  7 rats
63 creatures vanquished.

Notes
Turn   | Place    | Note
-------+----------+-------------------------------------------
     0 | D:1      | Kiturien the Hill Orc Fighter began the quest for the Orb.
     0 | D:1      | Reached XP level 1. HP: 19/19 MP: 1/1
    31 | D:1      | Reached XP level 2. HP: 24/27 MP: 2/2
   117 | D:1      | Reached skill level 3 in Axes
   202 | D:1      | Reached XP level 3. HP: 33/33 MP: 3/3
   618 | D:1      | Reached skill level 1 in Dodging
  1101 | D:2      | Found a glowing golden altar of the Shining One.
  1283 | D:2      | Reached XP level 4. HP: 38/40 MP: 4/4
  1285 | D:2      | Found an opulent altar of Gozag.
  1825 | D:3      | Noticed Ijyb
  1843 | D:2      | Reached skill level 4 in Axes
  2087 | D:2      | Reached XP level 5. HP: 26/46 MP: 5/5
  2309 | D:3      | Killed Ijyb
  2327 | D:3      | Noticed culka's ghost (amateur OpCj)
  2338 | D:3      | Killed culka's ghost
  2338 | D:3      | Reached skill level 5 in Axes
  2338 | D:3      | Reached XP level 6. HP: 32/52 MP: 6/6
  2492 | D:3      | Found a shimmering altar of Xom.
  2572 | D:3      | Noticed Grinder
  2592 | D:3      | Paralysed by Grinder for 5 turns
  2597 | D:3      | Killed from afar by Grinder

Vault maps used:
D:1:      saegor_arrival_simple_e
D:2:      lemuel_crystal_altar, serial_co_window_serial, co_window_paths_b,
          co_window_paths_a, co_window_of_opportunity_a, co_window_corner_a,
          co_window_paths_b, co_window_paths_a, co_window_2corner,
          co_window_corner_ca, co_window_unsneaky_path_b,
          co_window_of_opportunity_c, co_window_paths_c, co_window_corner_b,
          co_window_4corner_b, glass_columns_b, glass_columns_c,
          glass_columns_c, nicolae_gozag_cash_rules_everything_around_me
D:3:      doesnt_xom_only_xom, first_bread, minmay_misc_feat_x, uniq_grinder,
          uniq_terence, uniq_iyjb

Skill      XL: |  1  2  3  4  5 |
---------------+----------------+-----
Axes           | 3 4 5 |  5.7
Dodging        | 1 |  1.9
Fighting       | 4 |  4.3
Shields        | 4 |  4.5
Armour         | 4 |  4.1

Action                   |  1- 3 |  4- 6 || total
-------------------------+-------+-------++-------
Melee: War axe           |    94 |   107 ||   201
Throw: Javelin           |     4 |       ||     4
  Use: Potion            |       |     1 ||     1
  Eat: Chunk             |     1 |       ||     1
       Bread ration      |       |     1 ||     1
Armor: Scale mail        |    40 |    45 ||    85
Dodge: Dodged            |    23 |    34 ||    57
Block: Shield            |    55 |    55 ||   110
